Map: Emerald City LE

Players

Samodeyice

  • Race: Terran Terran
  • Spawn Location: 11:00

booface

  • Race: Zerg Zerg
  • Spawn Location: 11:00

Throwfordays - Winner!

  • Race: Protoss Protoss
  • League: Bronze
  • Spawn Location: 5:00

Faust - Winner!

  • Race: Zerg Zerg
  • League: Diamond
  • Spawn Location: 5:00

VOD

Have the link to the VOD?

Description

Time

  • Played on: Jan. 29, 2019, 5:41 p.m.
  • Length: 18:38
Show
View Real Time Build Order
Export as new Build Order

Samodeyice Terran 

Build Orders:  

Get SALT Encoding   

  12  0:01  SCV  
  13  0:13  SCV  
  14  0:23  Supply Depot  
  14  0:25  SCV  
  15  0:44  SCV  
  15  0:46  Barracks  
  16  0:56  SCV  
  17  1:07  Supply Depot  
  17  1:08  SCV  
  18  1:19  Supply Depot  
  18  1:21  SCV  
  18  1:24  Barracks  
  19  1:35  Barracks  
  19  1:39  Barracks  
  19  1:46  SCV  
  20  1:52  Marine  
  21  1:59  SCV  
  22  2:06  Barracks  
  22  2:15  Supply Depot  
  22  2:18  Marine  
  22  2:19  Marine  
  24  2:25  Marine  
  25  2:30  Marine  
  25  2:36  Marine  
  27  2:37  Marine  
  27  2:38  Supply Depot  
  27  2:43  Marine  
  29  2:49  Marine  
  30  2:53  Marine  
  30  2:58  Marine x2  
  32  3:01  Marine, Supply Depot  
  33  3:20  Marine  
  33  3:21  Marine x4  
  38  3:38  Marine  
  38  3:39  Marine x4  
  43  3:43  Supply Depot  
  43  3:56  Marine  
  43  3:57  Marine x3  
  45  4:08  Marine  
  46  4:14  Marine x4  
  48  4:26  Marine  
  42  4:32  Marine x4  
  45  4:43  Marine  
  41  4:49  Marine  
  41  4:50  Marine x3  
  39  5:01  Marine  
  38  5:07  Marine  
  38  5:08  Marine x3  
  39  5:19  Marine  
  40  5:25  Marine  
  40  5:26  Marine x3  
  43  5:37  Marine  
  44  5:43  Marine x4  
  48  5:53  Command Center  
  48  5:55  Marine  
  49  6:01  Marine x2  
  51  6:07  Marine x2  
  52  6:13  Marine  
  52  6:18  Marine  
  52  6:19  Marine  
  52  6:24  Marine  
  52  6:25  Marine  
  49  6:30  Marine  
  47  6:36  Marine  
  47  6:38  Marine  
  49  6:42  Marine  
  49  6:43  Marine  
  51  6:48  Marine  
  51  6:50  Refinery  
  52  6:54  Marine  
  52  6:56  Marine  
  52  7:00  Marine  
  52  7:01  Marine  
  55  7:06  Marine  
  55  7:07  Refinery  
  55  7:12  Marine  
  55  7:14  Marine  
  57  7:18  Marine x2  
  59  7:25  Orbital Command  
  59  7:26  Refinery  
  50  8:03  Orbital Command  
  50  8:14  SCV  
  50  8:17  Factory  
  48  8:20  Refinery  
  48  8:26  SCV  
  48  8:38  SCV  
  49  8:50  SCV  
  49  8:53  SCV  
  51  9:02  SCV  
  52  9:05  SCV  
  52  9:06  Factory Tech Lab  
  52  9:09  Starport  
  53  9:14  SCV  
  54  9:17  SCV  
  54  9:22  Barracks Tech Lab x2  
  54  9:23  Barracks Reactor  
  55  9:26  SCV  
  55  9:29  SCV  
  57  9:31  Barracks Reactor  
  57  9:37  Barracks Reactor  
  57  9:38  SCV  
  57  9:40  Engineering Bay  
  57  9:41  SCV, Siege Tank  
  62  9:53  SCV  
  63  10:04  Starport Reactor  
  63  10:10  Factory  
  58  10:22  Siege Tank  
  58  10:26  SCV  
  58  10:27  SCV  
  63  10:38  SCV  
  63  10:40  SCV  
  64  10:50  SCV  
  64  10:52  SCV  
  64  11:29  Viking x2  
  64  11:30  Siege Tank  
  73  11:33  Marauder x2  
  73  11:34  Marine x5  
  73  11:35  Marine  
  81  11:43  Command Center  
  81  11:50  Command Center  
  81  11:52  Marine, Terran Infantry Weapons Level 1  
  82  11:59  Missile Turret  
  82  12:02  Siege Tank  
  82  12:08  Missile Turret  
  85  12:21  Missile Turret  
  85  12:29  Missile Turret  
  85  12:50  Missile Turret  
  84  14:03  Marauder x2  
  84  14:04  Marine x4  
  84  14:05  Marine x2  
  84  14:09  Viking x2  
  98  14:13  Orbital Command  
  98  14:15  Orbital Command  
  98  14:22  Marine  
  99  14:25  Marauder x2  
  101  14:38  Viking  
  101  14:39  Viking  
  103  15:04  Orbital Command  
  103  15:08  Viking  
  103  15:09  Viking  
  107  15:14  Siege Tank  
  107  15:20  Orbital Command  
  110  15:32  Marauder  
  110  15:33  Marine x2, Marauder  
  110  15:35  Starport  
  116  15:45  Combat Shield  
  116  15:48  Terran Infantry Armor Level 1  
  116  15:50  Factory Tech Lab  
  116  16:06  Stimpack  
  116  16:23  Marine x4  
  116  16:24  Marine, Siege Tank x2, Marauder x2  
  131  16:25  Medivac x2  
  135  16:34  SCV  
  136  16:45  Marauder x2  
  140  16:47  Refinery  
  140  16:49  Refinery  
  140  16:50  Refinery  
  140  16:52  SCV  
  137  16:56  Siege Tank  
  139  17:12  Marauder  
  138  17:16  Siege Tank  
  119  17:29  Siege Tank  
  51  17:57  Marine, Marauder x2  
  51  17:58  Marine x5  
  47  18:15  Marine x2  
Show
View Real Time Build Order
Export as new Build Order

booface Zerg 

Build Orders: Pool First 

Get SALT Encoding   

  12  0:01  Drone  
  13  0:12  Overlord  
  13  0:16  Drone  
  14  0:30  Drone  
  14  0:31  Drone  
  14  0:35  Drone  
  17  0:46  Extractor  
  17  0:49  Spawning Pool  
  15  0:51  Drone  
  16  1:15  Hatchery  
  15  1:18  Drone  
  15  1:21  Drone  
  15  1:25  Drone  
  18  1:32  Overlord  
  18  1:45  Queen  
  20  1:49  Zergling x2  
  20  1:52  Drone  
  22  2:02  Zergling x2  
  22  2:07  Metabolic Boost  
  23  2:12  Zergling x2  
  24  2:21  Baneling Nest  
  23  2:24  Zergling x2  
  23  2:28  Zergling x2  
  25  2:33  Queen  
  25  2:35  Zergling x2  
  28  2:39  Zergling x2  
  29  2:48  Zergling x4  
  31  3:02  Zergling x8  
  31  3:03  Zergling x2  
  36  3:24  Overlord x3  
  36  3:44  Zergling x10  
  36  3:45  Zergling x2  
  37  4:08  Zergling x2  
  37  4:09  Zergling x8  
  34  4:19  Zergling x2  
  34  4:26  Zergling x2  
  34  4:27  Zergling x2  
  36  4:32  Baneling x2  
  36  4:34  Zergling x2  
  34  4:39  Zergling x2  
  34  4:42  Zergling x2  
  31  5:02  Zergling x6  
  31  5:08  Zergling x2  
  31  5:11  Baneling x3  
  32  5:14  Drone x2  
  32  5:20  Roach Warren  
  33  5:22  Drone  
  33  5:24  Drone  
  33  5:28  Baneling x2  
  35  5:33  Drone  
  35  5:35  Drone  
  37  5:41  Baneling  
  37  5:42  Baneling x2, Drone  
  38  5:48  Extractor, Drone  
  38  5:51  Extractor  
  37  6:11  Zergling x8  
  38  6:12  Zergling x4  
  35  6:28  Zergling x6  
  35  6:30  Zergling x2  
  37  6:37  Zergling x2  
  38  6:40  Drone  
  38  6:46  Roach  
  41  6:49  Lair  
  41  6:58  Roach x2  
  45  7:05  Roach  
  46  7:09  Hatchery, Roach  
  46  7:13  Roach x2  
  51  7:16  Roach  
  51  7:19  Drone  
  54  7:27  Baneling Nest  
  55  7:30  Roach  
  55  7:36  Roach  
  57  7:38  Roach  
  59  7:46  Overlord  
  59  8:00  Baneling x3  
  59  8:01  Baneling x2  
  59  8:03  Overlord  
  59  8:05  Overlord  
  59  8:07  Drone  
  60  8:14  Glial Reconstitution  
  54  8:43  Baneling x4  
  54  8:54  Drone x6  
  60  8:56  Roach x3  
  66  9:06  Drone  
  66  9:07  Drone x2  
  69  9:15  Spore Crawler, Drone  
  69  9:16  Drone  
  70  9:21  Spore Crawler  
  69  9:25  Roach  
  71  9:32  Centrifical Hooks  
  71  9:39  Roach  
  71  9:40  Roach  
  71  9:43  Roach  
  77  9:51  Roach x2  
  77  9:52  Roach  
  82  9:58  Zergling x2, Roach  
  84  10:06  Queen  
  86  10:09  Drone x2  
  86  10:25  Roach x2  
  86  10:27  Overlord x2  
  81  10:57  Roach x6  
  81  10:58  Roach x5  
  81  11:01  Roach  
  81  11:10  Roach x3  
  83  11:12  Drone  
  83  11:13  Drone  
  83  11:16  Drone  
  86  11:21  Infestation Pit  
  85  11:29  Ravager x5  
  85  11:30  Ravager  
  85  11:31  Roach  
  85  11:32  Roach  
  95  11:35  Drone  
  95  11:36  Drone  
  97  11:49  Queen  
  97  11:50  Roach  
  97  11:51  Roach x2  
  105  11:55  Pneumatized Carapace  
  105  11:58  Overseer  
  105  12:05  Drone  
  105  12:06  Overlord x2  
  106  12:16  Overlord x2  
  106  12:23  Overseer  
  106  12:25  Drone x3  
  106  12:26  Drone x3  
  112  12:32  Roach  
  112  12:33  Roach  
  116  12:39  Roach x2  
  116  12:41  Overlord  
  120  12:53  Roach x2  
  120  12:54  Roach x3  
  91  13:22  Roach  
  91  13:23  Roach x8  
  91  13:24  Roach x2  
  103  13:37  Roach x3  
  103  13:38  Roach x4  
  103  13:39  Drone  
  118  13:53  Roach x5  
  128  13:56  Ravager x2  
  130  14:03  Overlord x2  
  130  14:08  Overseer x2  
  130  14:15  Overlord x3  
  130  14:35  Ravager x5  
  130  14:37  Extractor  
  134  14:39  Extractor, Drone x2  
  134  14:40  Drone x4  
  134  14:41  Drone x2  
  141  14:54  Hydralisk Den  
  141  14:56  Drone x3  
  144  15:00  Drone x3  
  146  15:23  Hatchery  
  145  15:31  Roach  
  145  15:32  Roach x7  
  161  15:36  Grooved Spines  
  161  15:42  Spore Crawler  
  160  15:47  Spore Crawler  
  159  15:50  Hydralisk x2  
  159  15:51  Extractor  
  159  15:54  Overlord x4  
  162  16:13  Hydralisk x2  
  162  16:14  Hydralisk x6  
  178  16:24  Hydralisk x2  
  182  16:33  Drone x3  
  182  16:37  Overseer  
  185  16:40  Drone x3  
  185  16:44  Drone x4, Hydralisk  
  185  16:45  Hydralisk x2  
  198  16:47  Muscular Augments  
  94  17:33  Hydralisk x4  
  94  17:34  Hydralisk x7  
  94  17:35  Hydralisk x3  
  109  17:44  Overlord x3  
  109  17:45  Overlord x3  
  109  17:48  Hydralisk  
  109  17:53  Hydralisk  
  109  17:56  Hydralisk  
  99  18:17  Roach  
  99  18:18  Roach x3  
Show
View Real Time Build Order
Export as new Build Order

Throwfordays Protoss - Winner!

Build Orders: 1 Gate Expand, Mass Adepts 

Get SALT Encoding   

  12  0:01  Probe  
  13  0:13  Pylon  
  13  0:18  Probe  
  14  0:30  Probe  
  15  0:38  Gateway  
  15  0:42  Probe  
  16  0:51  Assimilator  
  16  0:54  Probe  
  17  1:06  Probe  
  18  1:19  Probe  
  18  1:25  Cybernetics Core  
  19  1:31  Warp Gate, Probe  
  20  1:39  Nexus  
  20  1:46  Pylon  
  20  2:00  Assimilator  
  20  2:12  Gateway  
  20  2:14  Gateway  
  20  2:22  Gateway  
  20  2:25  Probe  
  21  2:37  Probe  
  21  2:39  Pylon  
  22  2:49  Probe  
  22  2:50  Probe  
  23  2:57  Probe  
  25  3:07  Probe  
  26  3:19  Probe  
  27  3:21  Adept x2  
  27  3:22  Adept  
  27  3:23  Adept  
  35  3:31  Probe  
  36  3:34  Forge  
  36  3:42  Adept x2  
  36  3:43  Probe  
  36  3:47  Adept  
  39  4:10  Adept x4  
  45  4:37  Adept x3  
  45  4:38  Adept  
  53  4:42  Protoss Ground Weapons Level 1  
  49  5:18  Probe  
  49  5:19  Twilight Council  
  49  5:20  Probe  
  51  5:24  Adept  
  51  5:28  Pylon  
  53  5:30  Pylon  
  53  5:31  Probe  
  53  5:33  Pylon  
  54  5:37  Pylon  
  54  5:46  Probe x2  
  56  5:50  Pylon  
  56  5:52  Gateway  
  56  5:58  Probe x2  
  56  6:00  Adept  
  56  6:01  Adept x3  
  66  6:10  Probe x2  
  68  6:14  Resonating Glaives  
  68  6:22  Probe  
  68  6:25  Adept x4  
  65  6:29  Protoss Ground Weapons Level 2  
  65  6:43  Probe  
  65  6:46  Assimilator  
  66  6:49  Adept x5  
  66  6:50  Assimilator  
  76  6:55  Probe  
  77  7:20  Adept x3  
  77  7:21  Adept x2  
  87  7:52  Adept  
  87  7:53  Adept x2  
  87  7:57  Pylon  
  93  7:59  Pylon  
  93  8:02  Pylon  
  93  8:05  Pylon  
  93  8:10  Pylon  
  93  8:30  Nexus  
  93  8:44  Protoss Ground Weapons Level 3, Stalker x5  
  103  9:05  Probe  
  103  9:07  Probe  
  105  9:17  Stalker x3, Probe  
  106  9:18  Stalker x2  
  106  9:19  Probe  
  117  9:29  Probe  
  118  9:32  Probe  
  119  9:51  Blink  
  93  11:01  Stalker x4  
  93  11:02  Stalker  
  83  11:16  Pylon, Probe  
  84  11:28  Probe  
  85  11:33  Pylon  
  85  11:40  Probe  
  86  11:50  Pylon, Stalker x2  
  86  11:51  Stalker x3  
  86  11:53  Probe  
  97  12:02  Robotics Facility  
  97  12:03  Robotics Facility  
  97  12:05  Robotics Facility, Probe  
  97  12:07  Gateway  
  98  12:27  Stalker  
  98  12:28  Stalker  
  98  12:29  Stalker x3  
  106  12:48  Assimilator  
  106  12:49  Probe  
  106  12:50  Assimilator  
  107  12:58  Stalker x5  
  115  13:01  Probe  
  106  13:13  Probe  
  106  13:18  Stalker  
  93  13:26  Probe  
  84  13:33  Stalker, Immortal x3  
  84  13:34  Stalker x4  
  102  13:38  Probe  
  107  13:43  Robotics Bay  
  107  13:50  Probe  
  107  13:54  Protoss Shields Level 1  
  108  14:02  Stalker x3, Probe  
  115  14:03  Stalker x3  
  121  14:10  Immortal x3  
  133  14:30  Extended Thermal Lance, Stalker x4  
  133  14:31  Stalker  
  143  14:32  Stalker  
  145  14:40  Colossus  
  145  14:41  Colossus x2  
  163  15:03  Pylon  
  163  15:06  Pylon  
  163  15:08  Pylon  
  163  15:28  Nexus  
  163  15:42  Immortal x2  
  163  15:43  Immortal  
  175  16:17  Probe  
  176  16:19  Observer x2  
  176  16:22  Assimilator  
  178  16:26  Immortal  
  178  16:28  Assimilator  
  178  16:31  Sentry x2  
  178  16:32  Sentry  
  188  16:40  Immortal x2  
  102  17:44  Stalker x4  
  102  17:45  Stalker x2  
  113  18:30  Stalker x6  
Show
View Real Time Build Order
Export as new Build Order

Faust Zerg - Winner!

Build Orders: Hatch First, Lurkers, Swarm Host 

Get SALT Encoding   

  12  0:02  Drone  
  13  0:10  Drone  
  14  0:16  Extractor  
  14  0:17  Drone  
  15  0:25  Overlord  
  15  0:44  Drone x2  
  17  0:57  Drone  
  18  0:58  Hatchery  
  17  1:11  Spawning Pool  
  16  1:13  Drone  
  17  1:18  Extractor  
  17  1:19  Drone  
  17  1:22  Drone  
  18  1:29  Drone  
  19  1:39  Overlord  
  19  1:57  Queen  
  21  2:06  Zergling x4  
  23  2:09  Queen  
  23  2:11  Zergling x4  
  27  2:22  Overlord  
  27  2:27  Metabolic Boost  
  27  2:33  Drone x3  
  30  2:43  Drone  
  31  2:53  Drone  
  32  3:02  Baneling Nest  
  32  3:03  Drone x2  
  30  3:17  Zergling x10  
  30  3:18  Zergling x2  
  35  3:24  Drone x3  
  38  3:42  Drone x4  
  38  3:46  Lair  
  42  3:49  Baneling x2  
  38  4:07  Zergling x8  
  38  4:08  Zergling x6  
  43  4:11  Zergling x2  
  43  4:30  Zergling x10  
  44  4:35  Baneling x2  
  39  4:39  Overlord x2  
  39  4:40  Queen  
  33  5:10  Zergling x2, Baneling x2  
  33  5:11  Drone x5  
  33  5:12  Drone  
  40  5:22  Hatchery, Drone  
  40  5:23  Overlord  
  40  5:28  Roach Warren  
  40  5:31  Drone, Hydralisk Den  
  40  5:33  Extractor  
  40  5:34  Drone  
  38  5:38  Baneling  
  38  5:39  Baneling  
  38  5:57  Extractor  
  38  6:02  Zergling x6  
  38  6:03  Zergling x14  
  39  6:33  Drone  
  39  6:37  Baneling  
  39  6:38  Drone x3  
  40  6:41  Drone x2  
  40  6:42  Extractor  
  41  6:49  Drone  
  41  6:51  Drone  
  41  6:53  Muscular Augments  
  43  6:55  Glial Reconstitution  
  43  7:11  Drone x3  
  47  7:15  Drone  
  47  7:20  Hydralisk x4  
  55  7:25  Drone  
  56  7:35  Hatchery  
  55  7:45  Drone x6  
  61  7:58  Drone x2  
  61  7:59  Spire  
  61  8:02  Hydralisk x3  
  61  8:04  Grooved Spines  
  61  8:05  Overlord  
  68  8:08  Overlord  
  68  8:11  Overseer, Pneumatized Carapace  
  68  8:41  Lurker Den, Hydralisk  
  67  8:42  Overlord x2  
  67  8:43  Overlord  
  69  8:55  Evolution Chamber  
  68  8:56  Evolution Chamber  
  68  8:57  Drone  
  68  8:59  Drone x6  
  68  9:00  Drone x3, Overlord  
  68  9:02  Queen  
  79  9:04  Drone x2  
  79  9:06  Extractor x2  
  79  9:27  Overlord x2  
  79  9:28  Drone x2  
  79  9:29  Drone  
  79  9:30  Drone x3  
  85  9:33  Hydralisk  
  85  9:34  Hydralisk x4  
  95  10:03  Drone x3  
  95  10:05  Drone  
  99  10:10  Overlord x4  
  99  10:15  Hatchery  
  99  10:16  Zerg Ground Armor Level 1, Zerg Missile Weapons Level 1  
  98  10:26  Overlord x3  
  98  10:40  Drone  
  99  10:48  Infestation Pit  
  90  11:15  Lurker x3  
  90  11:16  Lurker  
  90  11:18  Lurker x3  
  96  11:19  Lurker  
  96  11:21  Lurker  
  99  11:56  Drone x7  
  106  12:02  Hive  
  106  12:04  Pathogen Glands  
  106  12:05  Zerg Flyer Weapons Level 1  
  106  12:38  Overlord x4  
  106  12:42  Drone  
  106  12:43  Extractor, Drone x5  
  106  12:44  Extractor  
  110  12:45  Corruptor  
  110  12:46  Corruptor x10  
  127  13:05  Hatchery  
  124  13:51  Adaptive Talons  
  124  13:55  Zerg Missile Weapons Level 2  
  124  13:56  Zerg Ground Armor Level 2  
  124  14:00  Greater Spire  
  124  14:04  Zergling x4  
  124  14:05  Zergling x30  
  141  14:12  Adrenal Glands  
  141  14:20  Hatchery  
  141  14:21  Drone  
  138  14:55  Swarm Host x2  
  138  14:56  Swarm Host x4  
  138  14:59  Overlord x3  
  156  15:01  Viper x3  
  165  15:12  Drone x3  
  168  15:15  Extractor  
  167  15:39  Zergling x2  
  167  15:40  Zergling x26  
  167  15:42  Baneling x14  
  181  15:43  Baneling x3  
  181  16:04  Overlord x3  
  181  16:05  Overlord  
  181  16:08  Zerg Flyer Weapons Level 2, Ultralisk Cavern  
  180  16:18  Hatchery  
  180  16:21  Evolution Chamber  
  178  16:31  Queen  
  180  16:36  Brood Lord x4  
  180  16:37  Brood Lord x3  
  160  18:00  Zergling x2  
  160  18:01  Zergling x46  
  160  18:02  Zergling x6  
Tags
 
Add a new tag
Caveats
  • Supply blocks, unpowered buildings, or Contaminate may cause inaccurate times.
  • Supply counts are checked every 10 seconds.